 Dungeon Crawl Stone Soup version 0.20-a0-1089-g3fde505 (webtiles) character file.

212 grindst0ne the Chopper (level 5, -1/47 HPs)
             Began as a Draconian Berserker on May 3, 2017.
             Was a Believer of Trog.
             Slain by an orc priest
             ... wielding a +0 trident
              (5 damage)
             ... on level 3 of the Dungeon.
             The game lasted 00:07:05 (2885 turns).

grindst0ne the Chopper (Draconian Berserker)        Turns: 2885, Time: 00:07:05

Health: -1/47      AC:  5    Str: 19    XL:     5   Next: 58%
Magic:  5/5        EV: 13    Int:  8    God:    Trog [**....]
Gold:   171        SH:  0    Dex: 11    Spells: 4/4 levels left

rFire    . . .     SeeInvis .   a - +0 hand axe
rCold    . . .     Gourm    .   (no shield)
rNeg     . . .     Faith    .   (armour unavailable)
rPois    .         Spirit   .   (helmet restricted)
rElec    .         Reflect  .   (no cloak)
rCorr    .         Harm     .   (no gloves)
MR       .....                  (no boots)
Stlth    +.........             (no amulet)
Regen    0.2/turn               (no ring)
MPRegen  0.1/turn               (no ring)

@: no status effects
A: unfitting armour, cold-blooded, AC +5
a: Berserk, Trog's Hand, Burn Spellbooks, Renounce Religion


You were on level 3 of the Dungeon.
You worshipped Trog.
Trog was pleased with you.
You were very hungry.

You visited 1 branch of the dungeon, and saw 3 of its levels.

You collected 171 gold pieces.

Inventory:

Hand Weapons
 a - a +0 hand axe (weapon)
Scrolls
 e - 5 scrolls of identify {unknown}
 h - a scroll of enchant armour {unknown}
 i - 3 scrolls of noise {unknown}
 k - a scroll of recharging {unknown}
 l - 2 scrolls of remove curse {unknown}
 m - a scroll of immolation {unknown}
 p - a scroll of teleportation {unknown}
 q - a scroll of random uselessness {unknown}
 r - a scroll of fear {unknown}
Potions
 d - a potion of brilliance {unknown}
 g - a potion of magic {unknown}
 n - a potion of curing {unknown}
Books
 o - a book of Misfortune

   Spells                             Type                      Level
   a - Confusing Touch                Hexes                        1
   b - Confuse                        Hexes                        3
   c - Gell's Gravitas                Translocation                3
   d - Petrify                        Transmutation/Earth          4
   e - Metabolic Englaciation         Hexes/Ice                    5
   f - Yara's Violent Unravelling     Hexes/Transmutation          5
   Trog disapproves of the use of such an item.
Comestibles
 b - 4 bread rations
 c - a royal jelly
 f - 2 fruits
 j - 2 meat rations


   Skills:
 + Level 4.8 Fighting
 * Level 5.0 Axes
 - Level 3.2 Dodging
 - Level 0.4 Stealth


You had 4 spell levels left.
You didn't know any spells.

Dungeon Overview and Level Annotations

Branches:
Dungeon (3/15)

Altars:


Innate Abilities, Weirdness & Mutations

Your plain brown scales are hard. (AC +5)
You cannot fit into any form of body armour.
You are cold-blooded and may be slowed by cold attacks.


Message History

You hit the orc wizard.
The orc wizard is heavily wounded.
The orc wizard begins to cast a cantrip, but forgets the words!
You hit the orc wizard.
The orc wizard is heavily wounded.
You closely miss the orc wizard.
The orc wizard is heavily wounded.
You hit the orc. The orc wizard barely misses you. The orc barely misses you.
You closely miss the orc.
Your tail-slap misses the orc.
The orc is severely wounded.
You barely miss the orc wizard.
The orc wizard hits you but does no damage.
The orc barely misses you.
You hit the orc wizard.
The orc wizard is severely wounded.
The orc wizard barely misses you.
You barely miss the orc wizard.
The orc wizard is severely wounded.
The orc priest hits you from afar with a trident.
You die...

####.##### #.......# ....[.
#..### ###.##### .o....
###...### #.# #.o....
#.......# ##.# ##.......
###.......#####..# ##..<.o...
...........#....## #........o
##.###...#...#######.#.......
#.......................<...
###..#..#..####o@##)###....!.
....###.....####.##.# #.....
####............oo.)#########
(....#####......###.......#
###### ###(##..###.......# #
#.................# #
#.....#.#.........# #
#.....#...#.......# #
###.###...#.......#


You could see an orc priest, an orc wizard and an orc.

Vanquished Creatures
  The ghost of Klosterheim the Chopper, an amateur DsFi (D:3)
  An orc wizard (D:3)
  3 adders
  3 worms
  2 dart slugs
  A leopard gecko (D:1)
  6 orcs (D:3)
  3 giant cockroaches
  5 goblins
  10 hobgoblins
  9 bats
  A frilled lizard (D:2)
  7 kobolds
  6 rats
58 creatures vanquished.

Notes
Turn   | Place    | Note
-------+----------+-------------------------------------------
     0 | D:1      | grindst0ne the Draconian Berserker began the quest for the Orb.
     0 | D:1      | Reached XP level 1. HP: 19/19 MP: 1/1
   125 | D:1      | Reached XP level 2. HP: 21/26 MP: 2/2
  1060 | D:2      | Reached XP level 3. HP: 21/31 MP: 3/3
  1184 | D:2      | Reached ** piety under Trog
  1806 | D:2      | Reached skill level 4 in Axes
  1933 | D:3      | Reached XP level 4. HP: 40/40 MP: 4/4
  2623 | D:3      | Noticed Klosterheim's ghost (amateur DsFi)
  2641 | D:3      | Killed Klosterheim's ghost
  2641 | D:3      | Reached XP level 5. HP: 37/47 MP: 5/5
  2810 | D:3      | Reached skill level 5 in Axes
  2885 | D:3      | Slain by an orc priest

Vault maps used:
D:1:      saegor_arrival_simple_d
D:2:      minmay_tetromino_o4
D:3:      first_bread

Skill      XL: |  1  2  3  4  5 |
---------------+----------------+-----
Dodging        | 3 |  3.2
Axes           | 4 5 |  5.0
Fighting       | 4 |  4.8
Stealth        | |  0.4

Action                   |  1- 3 |  4- 6 || total
-------------------------+-------+-------++-------
Melee: Hand axe          |   150 |    77 ||   227
       Tailslap          |    13 |    10 ||    23
Invok: Berserk           |       |     1 ||     1
 Stab: Sleeping          |     2 |       ||     2
  Eat: Chunk             |     3 |     2 ||     5
       Fruit             |       |     1 ||     1
Armor: Skin              |    61 |    10 ||    71
Dodge: Dodged            |   159 |    41 ||   200
